 Dungeon Crawl Stone Soup version 0.29.1-12-g30fa7ad0bf (webtiles) character file.

Game seed: 15777466292630040457

4628 mopl the Skirmisher (level 10, 0/79 HPs)
             Began as a Formicid Hunter on Jan 16, 2023.
             Was a Believer of Okawaru.
             Killed by divine providence
             ... invoked by an orc priest
              (13 damage)
             ... on level 9 of the Dungeon.
             The game lasted 00:15:53 (7330 turns).

mopl the Skirmisher (Formicid Hunter)               Turns: 7330, Time: 00:15:54

Health: 0/79       AC: 12    Str: 20    XL:     10   Next: 70%
Magic:  14/14      EV: 19    Int:  9    God:    Okawaru [**....]
Gold:   225        SH:  0    Dex: 17    Spells: 9/9 levels left

rFire   . . .      SeeInvis +   X - +1 war axe (venom)
rCold   + . .      Faith    .   (no shield)
rNeg    . . .      Spirit   .   Z - +0 steam dragon scales
rPois   .          Reflect  .   (helmet unavailable)
rElec   .          Harm     .   f - +0 cloak
rCorr   .          Rampage  .   E - +0 pair of gloves
Will    ++...      Clarity  +   B - +0 pair of boots
Stlth   +.........              n - amulet of regeneration
HPRegen 1.03/turn               P - ring of protection from cold
MPRegen 0.14/turn               z - +4 ring of evasion

@: confused, lethally poisoned (0 -> -2), heroic, ambrosia-drunk
A: permanent stasis, dig shafts and tunnels, antennae 3, four strong arms,
clarity, strong-willed 1
a: Dig, Shaft Self, Renounce Religion, Heroism


You were on level 9 of the Dungeon.
You worshipped Okawaru.
Okawaru was pleased with you.
You visited 2 branches of the dungeon, and saw 10 of its levels.

You collected 531 gold pieces.
You spent 306 gold pieces at shops.

Inventory:

Hand Weapons
 a - a +0 shortbow
 b - a +2 dagger of venom
 x - a +0 vorpal war axe
 H - a +0 giant club
 L - a +5 spear
 R - a +1 trident of venom
 X - a +1 war axe of venom (weapon)
Missiles
 y - a throwing net
 K - 34 poisoned darts
 U - 5 atropa-tipped darts
Armour
 f - a +0 cloak (worn)
 B - a +0 pair of boots (worn)
 E - a +0 pair of gloves (worn)
 Z - +0 steam dragon scales (worn)
Jewellery
 i - a ring of wizardry
 n - an amulet of regeneration (around neck)
 z - a +4 ring of evasion (right hand)
 I - a ring of fire
 P - a ring of protection from cold (left hand)
 T - an amulet of reflection
Wands
 V - a wand of digging (2)
 W - a wand of flame (19)
 Y - a wand of mindburst (18)
Scrolls
 d - 2 scrolls of enchant weapon {unknown}
 g - 2 scrolls of summoning {unknown}
 h - 3 scrolls of enchant armour {unknown}
 j - 3 scrolls of fog {unknown}
 k - 2 scrolls of immolation
 l - 7 scrolls of blinking {unknown}
 o - 9 scrolls of identify {unknown}
 q - 4 scrolls of fear {unknown}
 s - 2 scrolls of brand weapon {unknown}
 v - 5 scrolls of teleportation {unknown}
 C - 2 scrolls of poison {unknown}
 F - a scroll of vulnerability {unknown}
 G - a scroll of torment {unknown}
 N - a scroll of silence {unknown}
 O - a scroll of amnesia {unknown}
Potions
 c - a potion of degeneration
 e - 3 potions of flight {unknown}
 m - 3 potions of magic {unknown}
 p - 2 potions of ambrosia
 r - 7 potions of curing
 u - 2 potions of might
 w - 3 potions of mutation {!q}
 A - 2 potions of attraction {unknown}
 D - 3 potions of brilliance
 J - a potion of heal wounds {unknown}
 M - 3 potions of berserk rage {unknown}
 Q - 3 potions of lignification {unknown}
 S - a potion of invisibility {unknown}


   Skills:
 + Level 7.6(12.6) Fighting
 * Level 11.3(16.3) Ranged Weapons
 + Level 7.2(12.2) Armour
 - Level 1.7(6.7) Dodging
 - Level 1.2(6.2) Stealth
 + Level 5.4 Invocations


You had 9 spell levels left.
You didn't know any spells.
Your spell library contained the following spells:

 Spells                   Type           Power      Damage    Failure   Level
 Ensorcelled Hibernation  Hex/Ice        0%         N/A       52%         2
 Static Discharge         Conj/Air       0%         3-3/arc   52%         2
 Lesser Beckoning         Tloc           0%         N/A       77%         3
 Spider Form              Tmut/Pois      0%         N/A       77%         3
 Anguish                  Hex/Necr       0%         N/A       99%         4
 Dispel Undead            Necr           0%         3d6       99%         4
 Sticky Flame             Conj/Fire      0%         2d3       99%         4
 Manifold Assault         Tloc           0%         N/A       100%        5
 Storm Form               Tmut/Air       0%         N/A       100%        7
 Blink                    Tloc           Unusable   N/A       N/A         2

Dungeon Overview and Level Annotations

Branches:
Dungeon (9/15)             Temple (1/1) D:6
   Lair: D:8-11         Orc: D:9-12

Altars:
Ashenzari
Cheibriados
Dithmenos
Elyvilon
Fedhas
Gozag
Hepliaklqana
Makhleb
Nemelex Xobeh
Okawaru
Qazlal
Ru
Sif Muna
Trog
Uskayaw
Vehumet
Wu Jian
Xom
Yredelemnul
The Shining One
Lugonu

Shops:
D:1 !?   D:6 :!**[

Annotations:
D:3 1 runed translucent door, Crazy Yiuf


Innate Abilities, Weirdness & Mutations

You cannot be hasted, slowed, berserked, paralysed or teleported.
You can dig through walls and to a lower floor.
You have a pair of large antennae on your head. (SInv)
Your four strong arms can wield two-handed weapons with a shield.
You possess an exceptional clarity of mind.
You are strong-willed. (Will+)


Message History

You kill the killer bee!
Okawaru accepts your kill. The killer bee barely misses you.
The killer bee completely misses you.
The orc priest hits you but does no damage.
The orc warrior barely misses you. The killer bee barely misses you.
The orc priest completely misses you.
The orc warrior hits you with a +0 glaive!
* * * LOW HITPOINT WARNING * * *
The orc wizard gestures wildly while chanting.
The orc wizard flickers and vanishes for a moment.
Unknown command.
Okay, then.
Unknown command.
You extend your mandibles.
Unknown command.
Unknown command.
Unknown command.
It was a potion of mutation.
You feel extremely strange.
Your thoughts seem clearer.
You feel strong-willed.
The killer bee closely misses you. x2; The orc misses you.
The orc priest hits you with a +0 short sword.
* * * LOW HITPOINT WARNING * * *
The orc priest begins to cast a cantrip, but forgets the words!
The orc warrior barely misses you.
It was a potion of ambrosia.
You are confused.
You feel invigorated.
You kill the killer bee!
Okawaru accepts your kill. The killer bee misses you.
The orc hits you but does no damage. The orc priest misses you.
The orc warrior closely misses you. The orc priest barely misses you.
You're too confused to move!
The killer bee stings you!
* * * LOW HITPOINT WARNING * * *
You are poisoned.
The killer bee poisons you! The killer bee misses you.
The orc closely misses you. The orc priest barely misses you.
The orc priest calls down the wrath of Beogh upon you.
Beogh smites you!
You die...

##...#.....#
#....#.....#
#....'.###.#
#....#.....#
#..>.#.....#
######.....#
#.....#
#oo...#
#@oy..#
#yoo..#
##y...#
o...# .#).#
....# ....#
....#


You could see 2 orc warriors, 3 killer bees, 2 orc priests, an orc wizard
(invisible) and an orc.

Vanquished Creatures
  Maurice (D:9)
  Prince Ribbit (D:9)
  A wyvern (D:9)
  A vampire (D:9)
  A steam dragon (D:8)
  An orc warrior (D:8)
  An ice beast (D:7)
  3 sky beasts
  A black bear (D:5)
  3 ogres
  2 centaurs (D:9)
  A phantom (D:5)
  2 kobold brigands
  Blork the orc (D:6)
  2 gnoll sergeants
  2 scorpions
  4 bullfrogs
  4 wights
  13 killer bees (D:9)
  6 howler monkeys
  A jelly (D:6)
  6 hounds
  2 gnoll boudas (D:8)
  Jessica (D:3)
  Natasha (thrice) (D:3)
  2 iguanas
  3 orc wizards
  22 gnolls
  11 adders
  3 shadow imps
  2 white imps
  A worm (D:4)
  18 orcs
  7 ball pythons
  6 bats
  5 endoplasms
  3 giant cockroaches
  7 goblins
  6 hobgoblins
  4 jackals (D:1)
  20 kobolds
  A quokka (D:3)
  3 frilled lizards
  5 rats
  A spectral kobold (D:5)
194 creatures vanquished.

Notes
Turn   | Place    | Note
-------+----------+-------------------------------------------
     0 | D:1      | mopl the Formicid Hunter began the quest for the Orb.
     0 | D:1      | Reached XP level 1. HP: 16/16 MP: 1/1
    51 | D:1      | Found Yczurow's Distillery.
    98 | D:1      | Reached XP level 2. HP: 22/22 MP: 2/2
   241 | D:1      | Reached XP level 3. HP: 27/27 MP: 3/3
   358 | D:1      | Found Herghisuo's Magic Scroll Shop.
   363 | D:1      | Bought a scroll of noise for 13 gold pieces
   518 | D:1      | Reached skill level 5 in Ranged Weapons
  1126 | D:2      | Reached XP level 4. HP: 33/33 MP: 4/4
  1645 | D:3      | Noticed Jessica
  1657 | D:3      | Killed Jessica
  1658 | D:3      | Reached skill level 6 in Ranged Weapons
  1658 | D:3      | Reached XP level 5. HP: 32/38 MP: 5/5
  1712 | D:3      | Noticed Natasha
  1729 | D:3      | You fall into a shaft and drop 1 floor!
  1948 | D:3      | Reached skill level 1 in Armour
  2102 | D:3      | Found a faded altar of an unknown god.
  2522 | D:3      | Reached XP level 6. HP: 46/46 MP: 6/6
  2545 | D:3      | Found a runed translucent door.
  2546 | D:3      | Noticed Crazy Yiuf
  2706 | D:3      | Killed Natasha
  2786 | D:3      | Noticed Natasha
  2790 | D:3      | Killed Natasha
  2794 | D:3      | Noticed Natasha
  2797 | D:3      | Killed Natasha
  2912 | D:1      | Bought a potion of degeneration for 10 gold pieces
  2912 | D:1      | Bought a potion of curing for 30 gold pieces
  2912 | D:1      | Bought a potion of brilliance for 40 gold pieces
  3061 | D:4      | Reached skill level 3 in Fighting
  3061 | D:4      | Reached skill level 2 in Armour
  3235 | D:4      | Noticed an ogre
  3316 | D:4      | Killed an ogre
  3317 | D:4      | Reached skill level 7 in Ranged Weapons
  3317 | D:4      | Reached XP level 7. HP: 52/52 MP: 7/7
  3364 | D:4      | Found a shadowy altar of Dithmenos.
  3626 | D:5      | Entered Level 5 of the Dungeon
  3669 | D:5      | Found a shimmering blue altar of Sif Muna.
  3669 | D:5      | Found a snail-covered altar of Cheibriados.
  3832 | D:5      | Reached skill level 3 in Armour
  3837 | D:5      | Reached skill level 4 in Fighting
  3926 | D:5      | Reached XP level 8. HP: 57/60 MP: 8/8
  3980 | D:5      | Found a hazy altar of Hepliaklqana.
  4246 | D:5      | Reached skill level 8 in Ranged Weapons
  4275 | D:5      | Found a white marble altar of Elyvilon.
  4609 | D:6      | Found Bexihuel's Assorted Antiques.
  4647 | D:6      | Noticed Blork the orc
  4655 | D:6      | You fall into a shaft and drop 1 floor!
  4761 | D:6      | Reached skill level 4 in Armour
  4804 | D:6      | Killed Blork the orc
  4811 | D:6      | Reached skill level 5 in Fighting
  4876 | D:6      | Found a staircase to the Ecumenical Temple.
  4877 | D:6      | Found Nucvuhas's Distillery.
  4954 | D:6      | Bought a golden potion for 27 gold pieces
  4954 | D:6      | Bought a smoky pink potion for 27 gold pieces
  4954 | D:6      | Bought a scroll labelled ESO QEAVAXZIR for 30 gold pieces
  4954 | D:6      | Bought a scroll labelled GOD OTHEGO for 30 gold pieces
  4954 | D:6      | Bought a scroll labelled MAONWE MAMAYME for 30 gold pieces
  5029 | D:6      | Bought a scroll labelled TOOD FUKKOO for 30 gold pieces
  5056 | D:6      | Reached skill level 9 in Ranged Weapons
  5137 | D:6      | Reached skill level 5 in Armour
  5137 | D:6      | Reached XP level 9. HP: 40/68 MP: 9/9
  5163 | Temple   | Entered the Ecumenical Temple
  5214 | D:6      | Found an iron altar of Okawaru.
  5221 | D:6      | Became a worshipper of Warmaster Okawaru
  5226 | D:6      | Found Full's Assorted Antiques.
  5235 | D:6      | Bought a scroll labelled LAFRUNACWO for 21 gold pieces
  5235 | D:6      | Bought an inky potion for 18 gold pieces
  5248 | D:6      | Found Ylluedem's Antique Armour Shoppe.
  5399 | D:6      | Found Weupp's Book Boutique.
  5543 | D:7      | Found a hide-covered altar of Uskayaw.
  5598 | D:7      | Reached skill level 1 in Invocations
  5647 | D:7      | Reached skill level 6 in Fighting
  5647 | D:7      | Reached skill level 2 in Invocations
  5706 | D:7      | Found an ornate altar of the Wu Jian Council.
  5749 | D:7      | Found a basalt altar of Yredelemnul.
  5887 | D:7      | Found a stormy altar of Qazlal.
  6093 | D:8      | Reached * piety under Okawaru
  6101 | D:8      | Found an opulent altar of Gozag.
  6112 | D:8      | Reached skill level 10 in Ranged Weapons
  6228 | D:8      | Reached skill level 3 in Invocations
  6277 | D:8      | Found a sacrificial altar of Ru.
  6302 | D:8      | Reached skill level 6 in Armour
  6386 | D:8      | Reached XP level 10. HP: 43/77 MP: 12/12
  6806 | D:8      | Reached skill level 4 in Invocations
  6938 | D:9      | Noticed Prince Ribbit
  6951 | D:9      | Killed Prince Ribbit
  7043 | D:9      | Reached skill level 7 in Fighting
  7079 | D:9      | Reached ** piety under Okawaru
  7096 | D:9      | Found a shimmering altar of Xom.
  7147 | D:9      | Reached skill level 11 in Ranged Weapons
  7168 | D:9      | Noticed Maurice
  7185 | D:9      | Killed Maurice
  7186 | D:9      | Reached skill level 7 in Armour
  7186 | D:9      | Reached skill level 5 in Invocations
  7328 | D:9      | Gained mutation: You possess an exceptional clarity of
                  | mind. [potion of mutation]
  7328 | D:9      | Gained mutation: You are strong-willed. (Will+) [potion of
                  | mutation]
  7330 | D:9      | Killed from afar by an orc priest

Illustrated notes

Levels and vault maps discovered:
D:1:      eino_arrival_tree_alley, layout_loops_corners, serial_shops, shop,
          nicolae_shop_window_shopping
D:2:      minmay_spotlight, layout_basic, kennysheep_nub
D:3:      layout_loops_ring, hellmonk_ecumenical_altar_inner_sanctum,
          minmay_misc_feat_alley, nicolae_figureground_sparkle, uniq_natasha,
          uniq_jessica, uniq_crazy_yiuf_cottage
D:4:      layout_gridville, grunt_dithmenos_smoke_and_mirrors
D:5:      layout_gridville, elyvilon_altar_3, gammafunk_temple_overflow_wave,
          nicolae_hepliaklqana_monster_ancestors, serial_co_window_serial,
          co_window_paths_a, co_window_paths_b, co_window_corner_a,
          co_window_corner_a, co_window_corner_a, co_window_of_opportunity_a,
          co_window_paths_a, co_window_paths_a, co_window_paths_a,
          co_window_broadway_b, co_window_corner_b, co_window_2corner,
          moated_statue, minmay_misc_feat_doors
D:6:      layout_rooms, okawaru_metal_pillars_3, minmay_temple_entry_wispy,
          serial_shops, shop, shop, nicolae_stop_n_shop_2, nicolae_diamond_shop,
          nicolae_shop_behind_doors, chequers_serial_rivers_small_b,
          uniq_blork_the_orc
D:7:      layout_rooms, nicolae_wu_jian_immortal_techniques,
          nicolae_qazlal_scattered_showers, mainiacjoe_overflow_alcove_2,
          eat_drink_and_be_merry_uskayaw
D:8:      layout_basic, nicolae_ru_great_annihilating_truth,
          amcnicky_altar_gilded
D:9:      cheibrodos_histonic, layout_stronghold, zin_treasury,
          lemuel_crystal_altar, uniq_prince_ribbit1, uniq_maurice
Temple:   corrupted_temple

Skill      XL: |  1  2  3  4  5  6  7  8  9 10 |
---------------+-------------------------------+-----
Ranged Weapons | 5 6 7 9 10 11 | 11.3
Armour         | 1 2 3 5 6 7 |  7.2
Fighting       | 3 4 5 6 7 |  7.6
Invocations    | 3 5 |  5.4
Dodging        | |  1.7
Stealth        | |  1.2

Action                   |  1- 3 |  4- 6 |  7- 9 | 10-12 || total
-------------------------+-------+-------+-------+-------++-------
Melee: War axe           |       |       |     4 |    11 ||    15
       Dagger            |       |       |     1 |     2 ||     3
       Trident           |       |       |    37 |    27 ||    64
       Punch             |       |       |     1 |     3 ||     4
 Fire: Shortbow          |    76 |   209 |   402 |   104 ||   791
Invok: Heroism           |       |       |     3 |     7 ||    10
 Abil: Shaft Self        |       |     1 |     1 |       ||     2
       Dig               |       |       |       |     1 ||     1
  Use: Scroll            |     1 |       |       |       ||     1
       Potion            |       |       |       |     2 ||     2
Armor: Leather armour    |     5 |     1 |       |       ||     6
       Chain mail        |       |    89 |   197 |       ||   286
       Steam dragon scal |       |       |       |    41 ||    41
Dodge: Dodged            |    14 |    94 |   294 |   128 ||   530
